 Dungeon Crawl Stone Soup version 0.29-a0-553-g81b289dbe5 (webtiles) character file.

Game seed: 3613638120535092658

19713 jlumianski the Cleaver (level 12, -3/64 HPs)
             Began as a Gargoyle Fighter on June 6, 2022.
             Was an Elder of Hepliaklqana.
             Slain by an ettin
             ... wielding a +0 dire flail
              (19 damage)
             ... on level 1 of the Orcish Mines on June 7, 2022.
             The game lasted 01:00:23 (15867 turns).

jlumianski the Cleaver (Gargoyle Fighter)          Turns: 15867, Time: 01:00:31

Health: -3/64      AC: 27    Str: 25    XL:     12   Next: 71%
Magic:  17/17      EV:  4    Int:  7    God:    Hepliaklqana [****..]
Gold:   584        SH: 21    Dex: 15    Spells: 9/11 levels left

rFire   + + .      SeeInvis .   a - +1 war axe (freeze)
rCold   + . .      Faith    .   I - +0 tower shield
rNeg    + . .      Spirit   .   l - +0 plate armour
rPois   ∞          Reflect  +   M - +0 helmet
rElec   +          Harm     .   y - scarf {rC+ rF+}
rCorr   .          Rampage  .   z - +2 pair of gloves
Will    .....                   (no boots)
Stlth   ..........              k - amulet of reflection
HPRegen 0.20/turn               J - +6 ring of dexterity
MPRegen 0.15/turn               (no ring)

@: no status effects
A: reduced essence, sickness immunity, AC +8, negative energy resistance 1,
electricity resistance, torment resistance 1, petrification resistance, dopey 1,
fire resistance 1
a: Renounce Religion, Recall Ancestor, Ancestor Identity, Transference, Idealise


You were on level 1 of the Orcish Mines.
You worshipped Hepliaklqana.
Hepliaklqana was greatly pleased with you.
You visited 4 branches of the dungeon, and saw 16 of its levels.
You also visited: Bailey and Ice Cave.

You collected 682 gold pieces.
You spent 98 gold pieces at shops.

Inventory:

Hand Weapons
 a - a +1 war axe of freezing (weapon)
 K - a +3 trident
Missiles
 r - a throwing net
 t - 3 datura-tipped darts
 x - 7 boomerangs (quivered)
 B - 27 poisoned darts
 L - 6 curare-tipped darts
Armour
 l - a +0 plate armour (worn)
 y - a scarf of resistance (worn)
 z - a +2 pair of gloves (worn)
 I - a +0 tower shield (worn)
 M - a +0 helmet (worn)
Jewellery
 k - an amulet of reflection (around neck)
 n - an amulet of the acrobat
 J - a +6 ring of dexterity (left hand)
Wands
 b - a wand of charming (1)
 F - a wand of polymorph (2)
Scrolls
 p - 4 scrolls of poison
 q - 5 scrolls of teleportation
 s - 3 scrolls of identify
 u - a scroll of fear
 v - 4 scrolls of immolation
Potions
 d - 2 potions of lignification
 f - 6 potions of haste
 h - 6 potions of resistance
 j - 3 potions of attraction
 m - 4 potions of curing
 o - 4 potions of flight
 A - 3 potions of invisibility
 D - a potion of cancellation


   Skills:
 + Level 7.5 Fighting
 + Level 10.1 Axes
 + Level 1.0(6.4) Polearms
 + Level 1.6 Throwing
 + Level 9.3 Armour
 + Level 0.8 Dodging
 * Level 7.8 Stealth
 + Level 9.2 Shields
 - Level 4.4 Translocations
 * Level 7.0 Invocations
 * Level 5.5 Evocations


You had 9 spell levels left.
You knew the following spells:

 Your Spells              Type           Power      Damage    Failure   Level
a - Blink                 Tloc           12%        N/A       100%        2

Your spell library contained the following spells:

 Spells                   Type           Power      Damage    Failure   Level
 Static Discharge         Conj/Air       0%         N/A       100%        2
 Dazzling Flash           Conj/Hex       0%         N/A       100%        3
 Lesser Beckoning         Tloc           6%         N/A       100%        3
 Dispel Undead            Necr           0%         3d6       100%        4
 Iskenderun's Mystic Bla  Conj/Tloc      3%         2d3       100%        4
 Sticky Flame             Conj/Fire      0%         2d3       100%        4
 Agony                    Necr           0%         N/A       100%        5
 Manifold Assault         Tloc           6%         N/A       100%        5
 Silence                  Hex/Air        0%         N/A       100%        5
 Starburst                Conj/Fire      0%         6d3       100%        6
 Borgnjor's Revivificati  Necr           0%         N/A       100%        8
 Necromutation            Tmut/Necr      0%         N/A       100%        8
 Death's Door             Necr           0%         N/A       100%        9


Dungeon Overview and Level Annotations

Branches:
Dungeon (13/15)            Temple (1/1) D:4            Lair (1/6) D:9
    Orc (1/2) D:11         Bailey (visited)           IceCv (visited)
 Vaults: D:13-14

Altars:
Cheibriados
Gozag
Hepliaklqana
Kikubaaqudgha
Okawaru
Ru
Uskayaw
Vehumet
Wu Jian
Xom
Zin
The Shining One

Shops:
D:4 (   D:11 *   D:13 [

Annotations:
D:4 3 runed translucent doors, xian's ghost, amateur DsGl


Innate Abilities, Weirdness & Mutations

Your life essence is reduced to manifest your ancestor. (-10% HP)
You are immune to sickness and miasma.
Your stone body is resilient. (AC +8)
You are immune to poison.
You resist negative energy. (rN+)
You are resistant to electric shocks. (rElec)
You are resistant to unholy torment.
You are immune to petrification.
You are dopey. (Int -2)
Your flesh is heat resistant. (rF+)


Message History

You block the orc wizard's attack.
You barely miss the orc wizard.
The orc wizard is severely wounded.
You block the orc wizard's attack.
Leofsige hits the orc wizard with a +0 quarterstaff!
The orc wizard dies!
Leofsige hits the ettin with a +0 quarterstaff.
The ettin hits Leofsige with a +0 dire flail.
The ettin hits Leofsige with a +1 dire flail of protection!!
Leofsige barely misses the ettin.
You block the ettin's attack.
The ettin hits you with a +1 dire flail of protection!!
The ogre closely misses Leofsige.
Things that are here:
a +0 hand axe; a +0 plate armour; an orc corpse You slash the ettin!
You freeze the ettin.
The ettin is moderately wounded.
Leofsige hits the ettin with a +0 quarterstaff!
The ettin hits Leofsige with a +0 dire flail!!
Leofsige is destroyed!
The ettin shouts in stereo!
You slash the ettin! You freeze the ettin.
The ettin is heavily wounded.
You hit the ogre. You freeze the ogre. You block the ettin's attack. x2
You block the ogre's attack.
You slash the ettin! You freeze the ettin.
The ettin is severely wounded.
You slash the ogre! You freeze the ogre. You block the ettin's attack.
The ettin hits you with a +1 dire flail of protection!
You block the ogre's attack. You block the ettin's attack.
The ettin barely misses you.
You hit the ettin. You freeze the ettin.
The ettin is severely wounded.
You barely miss the ogre. You block the ettin's attack. x2
You slash the ettin! You freeze the ettin.
The ettin is almost dead.
You completely miss the ogre. You block the ogre's attack.
The ettin hits you with a +0 dire flail!!
* * * LOW HITPOINT WARNING * * *
The ettin hits you with a +1 dire flail of protection!!
You die...

..............
..............#
#$.............
#............ .
##.........###.#
##............... ##
#...............# .## ####
##..#)@..........#
..###..####.....OC>.........
.###....#.##....)...........
####...#......#.............
###.....#..........^......#.
#.##...#.#.#.....$..........
...)))....###...............
...)........#...#.........#.
..#..........#.#.#.........


You could see an ettin and an ogre.

Vanquished Creatures
  2 hydras (D:13)
  2 ugly things (D:13)
  2 kobold demonologists (D:12)
  A troll (D:13)
  A hornet (D:10)
  14 yaks
  A wyvern (D:9)
  2 wraiths (D:12)
  Eustachio (D:6)
  A steam dragon (D:9)
  5 vampire mosquitoes (D:12)
  A demonic crawler simulacrum (IceCv)
  An acid dragon (D:12)
  2 water moccasins
  6 black bears
  3 orc warriors
  A sky beast (D:7)
  2 ice beasts (D:5)
  An ogre (Orc:1)
  2 centaurs
  A phantom (D:6)
  2 kobold brigands (D:12)
  A scorpion (D:5)
  A necrophage (D:5)
  A cane toad simulacrum (D:13)
  4 wights (D:7)
  3 killer bees
  A howler monkey (D:4)
  2 orc priests
  A gnoll shaman (D:8)
  2 hounds
  4 iguanas
  7 orc wizards
  A polar bear simulacrum (D:13)
  16 gnolls
  10 adders
  A naga simulacrum (D:13)
  A shadow imp (D:8)
  3 white imps
  2 ufetubi
  A worm (D:2)
  3 dart slugs (D:1)
  42 orcs
  5 endoplasms
  2 giant cockroaches (D:1)
  7 goblins
  10 hobgoblins
  3 quokkas
  4 ball pythons
  2 bats (D:1)
  A frilled lizard (D:2)
  21 kobolds
  10 rats
226 creatures vanquished.

Vanquished Creatures (collateral kills)
  Josephine (D:13)
  2 two-headed ogres
  2 cyclopes
  2 manticores (D:12)
  2 tengu conjurers (D:13)
  2 unseen horrors (D:12)
  2 kobold demonologists (D:11)
  2 trolls (D:10)
  A queen bee (shapeshifter) (D:13)
  4 wraiths
  12 yaks
  A vampire (D:13)
  A death yak simulacrum (D:13)
  4 vampire mosquitoes (D:12)
  An orc warrior (Bailey)
  An ugly thing simulacrum (IceCv)
  An ogre (Orc:1)
  2 centaurs
  3 kobold brigands
  2 bullfrogs
  A gnoll sergeant (D:10)
  2 necrophages (D:7)
  4 orc priests (D:9)
  A gnoll shaman (D:8)
  6 orc wizards
  2 spriggan simulacra (D:13)
  8 gnolls
  A naga simulacrum (D:13)
  6 orcs
  2 goblins (D:7)
  3 kobolds
84 creatures vanquished.

Vanquished Creatures (others)
  A shadow (D:12)
  9 battlemagi
  A kobold (D:12)
11 creatures vanquished.

Grand Total: 321 creatures vanquished

Notes
Turn   | Place    | Note
-------+----------+-------------------------------------------
     0 | D:1      | jlumianski the Gargoyle Fighter began the quest for the
                  | Orb.
     0 | D:1      | Reached XP level 1. HP: 14/14 MP: 1/1
   206 | D:1      | Reached XP level 2. HP: 19/19 MP: 2/2
   278 | D:1      | Reached skill level 2 in Axes
   618 | D:1      | Reached XP level 3. HP: 22/23 MP: 3/3
  1112 | D:2      | Found an ancient bone altar of Kikubaaqudgha.
  1707 | D:2      | Found a faded altar of an unknown god.
  1754 | D:2      | Reached XP level 4. HP: 29/29 MP: 4/4
  1777 | D:2      | Reached skill level 3 in Axes
  2362 | D:3      | Learned a level 2 spell: Blink
  2591 | D:3      | Reached XP level 5. HP: 32/33 MP: 5/5
  3185 | D:4      | Found a staircase to the Ecumenical Temple.
  3195 | Temple   | Entered the Ecumenical Temple
  3421 | Temple   | Became a worshipper of Hepliaklqana the Forgotten
  3580 | D:4      | Reached skill level 1 in Translocations
  3589 | D:4      | Noticed a black bear
  3609 | D:4      | Killed a black bear
  3610 | D:4      | Reached XP level 6. HP: 19/38 MP: 6/6
  3907 | D:4      | Found Vanloutt's Weapon Boutique.
  4136 | D:5      | Entered Level 5 of the Dungeon
  4238 | D:4      | Found a runed translucent gate.
  4238 | D:4      | Found a runed translucent gate.
  4238 | D:4      | Found a runed translucent gate.
  4239 | D:4      | Noticed xian's ghost (amateur DsGl)
  4373 | D:5      | Noticed an ice beast
  4387 | D:5      | Killed an ice beast
  4388 | D:5      | Reached skill level 4 in Axes
  4388 | D:5      | Reached XP level 7. HP: 43/43 MP: 7/7
  4433 | D:5      | Noticed Eustachio
  4467 | D:6      | Killed Eustachio
  4468 | D:6      | Reached skill level 5 in Armour
  4468 | D:6      | Reached skill level 5 in Shields
  4529 | D:5      | Reached skill level 5 in Axes
  4529 | D:5      | Reached XP level 8. HP: 18/48 MP: 8/8
  5687 | D:6      | Reached * piety under Hepliaklqana
  5802 | D:6      | Reached skill level 5 in Fighting
  5802 | D:6      | Reached skill level 6 in Axes
  5975 | D:7      | Reached XP level 9. HP: 32/48 MP: 9/9
  6061 | D:7      | Found a flagged portal.
  6097 | D:7      | Gained mutation: You are strong-willed. (Will+) [potion of
                  | mutation]
  6097 | D:7      | Lost mutation: You are strong-willed. (Will+) [potion of
                  | mutation]
  6097 | D:7      | Gained mutation: You are dopey. (Int -2) [potion of
                  | mutation]
  6097 | D:7      | Gained mutation: Your flesh is heat resistant. (rF+)
                  | [potion of mutation]
  6099 | Bailey   | Entered a bailey
  6763 | Bailey   | Reached skill level 1 in Stealth
  7630 | D:8      | Reached skill level 7 in Axes
  7892 | D:8      | Reached ** piety under Hepliaklqana
  7893 | D:8      | Remembered your ancestor Leofsige as a battlemage
  8347 | D:9      | Reached skill level 1 in Invocations
  8352 | D:9      | Reached skill level 1 in Evocations
  8631 | D:9      | Reached XP level 10. HP: 40/54 MP: 11/11
  8656 | D:9      | HP: 1/54 [orc priest/divine providence (15)]
  8957 | D:9      | Reached skill level 8 in Axes
  9109 | D:9      | Found a staircase to the Lair.
 10018 | D:9      | You fall into a shaft and drop 2 floors!
 10034 | D:10     | Entered Level 10 of the Dungeon
 10446 | D:10     | Found Feheasog's Distillery.
 10513 | D:10     | Reached *** piety under Hepliaklqana
 10532 | D:10     | Reached skill level 5 in Stealth
 10586 | D:10     | Noticed a kobold demonologist
 10592 | D:10     | Noticed a soul eater
 10727 | D:11     | Killed a kobold demonologist
 10728 | D:11     | Reached XP level 11. HP: 56/59 MP: 14/14
 10979 | D:11     | Found Nuri's Gadget Gallery.
 11417 | D:11     | Reached skill level 9 in Axes
 11459 | D:11     | Reached skill level 5 in Invocations
 11788 | D:11     | Found a staircase to the Orcish Mines.
 11862 | D:11     | Noticed a two-headed ogre
 11908 | D:11     | Killed a two-headed ogre
 12557 | D:12     | Noticed a manticore
 12561 | D:12     | Reached skill level 1 in Throwing
 12728 | D:12     | Killed a manticore
 12810 | D:12     | Noticed a manticore
 12820 | D:12     | Killed a manticore
 13147 | D:12     | Noticed a two-headed ogre
 13155 | D:12     | Killed a two-headed ogre
 13156 | D:12     | Reached XP level 12. HP: 52/64 MP: 16/16
 13916 | D:12     | Found a shimmering altar of Xom.
 14020 | D:13     | Noticed an eight-headed hydra
 14145 | D:13     | Found a frozen archway.
 14457 | D:12     | Upgraded the game from 0.29-a0-551-gffc1d7fb78 to
                  | 0.29-a0-553-g81b289dbe5
 14595 | D:13     | Killed an eight-headed hydra
 14596 | D:13     | Reached skill level 5 in Evocations
 14621 | IceCv    | Entered an ice cave
 14912 | D:13     | Noticed a five-headed hydra
 14924 | D:13     | Killed a five-headed hydra
 14925 | D:13     | Reached skill level 10 in Axes
 15136 | D:13     | Noticed Josephine
 15146 | D:13     | Killed Josephine
 15186 | D:13     | Reached **** piety under Hepliaklqana
 15310 | D:13     | Found Erphosote's Armour Shoppe.
 15321 | D:13     | Bought a +0 tower shield for 49 gold pieces
 15331 | D:13     | Bought a +0 helmet for 49 gold pieces
 15350 | D:13     | Reached skill level 1 in Polearms
 15749 | Lair:1   | Entered Level 1 of the Lair of Beasts
 15802 | Orc:1    | Entered Level 1 of the Orcish Mines
 15852 | Orc:1    | Noticed an ettin
 15867 | Orc:1    | Slain by an ettin

Illustrated notes

Levels and vault maps discovered:
D:1:      saegor_arrival_simple_b, layout_loops_ring, minmay_ruptured
D:2:      layout_basic, basic_altar, shapermc_ecumenical_altar_notcrosses,
          skrybe_limestone_x, grunt_decor_fettered, minmay_diced_spiral
D:3:      layout_basic, hangedman_decor_clover_reticule
D:4:      layout_cave_pools, minmay_temple_entry_junction,
          ebering_ghost_rock_garden, serial_shops,
          nicolae_shop_bloodbath_and_beyond
D:5:      layout_rooms, uniq_eustachio
D:6:      layout_loops_corners, overflow_temple_1_default
D:7:      layout_basic, enter_bailey_7
D:8:      layout_basic
D:9:      layout_basic, lair_entry_dummy
D:10:     layout_rooms, serial_shops, kennysheep_little_box
D:11:     layout_roguey, orc_0_dummy, nicolae_shop_gadgets
D:12:     layout_basic, tgw_xom
D:13:     layout_long_grid, serial_shops, shop,
          portal_ice_cave_entry_ice_simulacra, uniq_josephine
Temple:   mainiacjoe_temple_trianglar_array
Lair:1:   layout_regular_city, grunt_megastairs_5, serial_bayou_shore_a,
          uniq_erica
Orc:1:    layout_caves, basic_altar

Skill      XL: |  1  2  3  4  5  6  7  8  9 10 11 12 |
---------------+-------------------------------------+-----
Axes           | 2 3 4 5 6 7 8 9 10 | 10.1
Shields        | 4 5 6 7 8 9 |  9.2
Armour         | 4 5 6 7 8 9 |  9.3
Fighting       | 4 5 6 7 |  7.5
Translocations | 1 2 4 |  4.4
Stealth        | 3 5 6 7 |  7.8
Invocations    | 2 4 6 7 |  7.0
Evocations     | 1 3 4 5 |  5.5
Throwing       | 1 |  1.6
Polearms       | 1 |  1.0
Dodging        | |  0.8

Action                   |  1- 3 |  4- 6 |  7- 9 | 10-12 || total
-------------------------+-------+-------+-------+-------++-------
Melee: War axe           |   106 |   175 |   309 |   297 ||   887
       Trident           |       |       |       |    13 ||    13
Throw: Stone             |     6 |    10 |       |       ||    16
       Boomerang         |       |       |     1 |     7 ||     8
Invok: Recall Ancestor   |       |       |     2 |     2 ||     4
       Ancestor Life: Ba |       |       |     1 |       ||     1
Evoke: Wand              |       |       |       |     3 ||     3
  Use: Scroll            |     4 |     6 |     9 |     6 ||    25
       Potion            |       |     2 |     4 |     2 ||     8
 Stab: Distracted        |       |       |     1 |     9 ||    10
Armor: Scale mail        |    34 |       |       |       ||    34
       Plate armour      |    25 |   113 |   248 |   220 ||   606
Dodge: Dodged            |    37 |    42 |    88 |    85 ||   252
Block: Buckler           |    33 |   107 |   182 |    38 ||   360
       Reflection        |     1 |     1 |     1 |    19 ||    22
       Kite shield       |       |       |       |   254 ||   254
       Tower shield      |       |       |       |    21 ||    21

Table legend: (Time is in decaauts)
 A = Elapsed time spent in this place.
 B = Non-inter-level travel time spent in this place.
 C = Inter-level travel time spent in this place.
 D = Time resting spent in this place.
 E = Time spent auto-exploring this place.
 F = Levels seen in this place.
 G = Mean time per level.
                   A        B        C        D        E       F      G
               +--------+--------+--------+--------+--------+-----+--------+
         Total |  16143 |  15732 |    411 |   3185 |   7945 |  18 |  896.8 |
       Dungeon |  14837 |  14427 |    410 |   2599 |   7914 |  13 | 1141.3 |
        Temple |    271 |    271 |      0 |      0 |      0 |   1 |  271.0 |
          Lair |      1 |      1 |      0 |      0 |      0 |   1 |    1.0 |
  Orcish Mines |     68 |     68 |      0 |      0 |     31 |   1 |   68.0 |
        Bailey |    745 |    745 |      0 |    408 |      0 |   1 |  745.0 |
      Ice Cave |    219 |    219 |      0 |    178 |      0 |   1 |  219.0 |
               +--------+--------+--------+--------+--------+-----+--------+

Top non-repeatable levels by time:
    D:12: 1771 daAuts
     D:9: 1679 daAuts
    D:11: 1472 daAuts
     D:3: 1389 daAuts
    D:13: 1151 daAuts
     D:8: 1119 daAuts
     D:5: 1060 daAuts
    D:10: 1026 daAuts
     D:2: 994 daAuts
     D:7: 908 daAuts
     D:1: 901 daAuts
     D:4: 887 daAuts
  Bailey: 745 daAuts
     D:6: 473 daAuts
  Temple: 271 daAuts
